 Dungeon Crawl Stone Soup version 0.17.0-24-gcfadda4 (console) character file.

273 gw the Covered (level 6, -12/56 HPs)
             Began as a Deep Dwarf Fighter on Nov 18, 2015.
             Mangled by an ogre
             ... wielding a +0 giant spiked club
              (20 damage)
             ... on level 5 of the Dungeon.
             The game lasted 00:01:09 (755 turns).

gw the Covered (Deep Dwarf Fighter)                  Turns: 755, Time: 00:01:10

Health: -12/56     AC:  8    Str: 20    XL:     6   Next: 3%
Magic:  6/6        EV:  4    Int:  8    God:
Gold:   73         SH:  8    Dex: 14    Spells: 0 memorised, 5 levels left

rFire  + . .     SeeInvis .     a - +0 flail
rCold  . . .     Clarity  .     q - +0 chain mail
rNeg   . . .     SustAt   .     c - +0 shield
rPois  .         Gourm    .     (no helmet)
rElec  .         Spirit   .     (no cloak)
rCorr  .         Warding  .     (no gloves)
rMut   .         Stasis   .     (no boots)
MR     .....                    (no amulet)
Stlth  ..........               (no ring)
                                s - ring of protection from fire

@: lethally poisoned (-12 -> -12), non-regenerating, very heavily drained, not
resistant to hostile enchantments, extremely unstealthy
A: damage resistance, recharge devices, sense surroundings 1, slow regeneration
3
a: Device Recharging


You were on level 5 of the Dungeon.
You were not hungry.

You visited 1 branch of the dungeon, and saw 5 of its levels.

You collected 73 gold pieces.

Inventory:

Hand Weapons
 a - a +0 flail (weapon)
Missiles
 l - 71 stones (quivered)
 p - 14 poisoned needles
Armour
 c - a +0 shield (worn)
 q - a +0 chain mail (worn)
Jewellery
 s - a ring of protection from fire (left hand)
Wands
 e - a wand of heal wounds (3)
Scrolls
 h - 2 scrolls of identify {unknown}
 i - a scroll of fog {unknown}
 m - a scroll of noise {unknown}
 r - a scroll of fear {unknown}
Potions
 b - a potion of berserk rage {unknown}
 d - a potion of might
 j - a potion of curing {unknown}
 n - a potion of mutation {unknown}
 o - a potion of heal wounds {unknown}
 t - a potion of degeneration {unknown}
Comestibles
 f - a bread ration
 g - a meat ration
 k - 3 fruits


   Skills:
 + Level 3.3(0.3) Fighting
 * Level 3.9(0.8) Maces & Flails
 + Level 1.5(0.0) Throwing
 + Level 4.2(1.1) Armour
 + Level 4.1(1.0) Shields
 - Level 1.8(0.0) Evocations


You had 5 spell levels left.
You didn't know any spells.

Dungeon Overview and Level Annotations

Branches:
Dungeon (5/15)             Temple (0/1) D:5

Altars:
Ashenzari
Makhleb
Xom


Innate Abilities, Weirdness & Mutations

You are resistant to damage.
You can recharge devices by infusing magical energy.
You passively map a small area around you.
You do not regenerate naturally.


Message History

The orc hits you but does no damage.
Evoke which item? (* to show all) (? for menu, Esc to quit)
Zapping:
e - a wand of heal wounds (1)
Press: ? - help, Shift-Dir - straight line, f - you You feel much better.
This wand has 0 charges left.
You block the orc's attack. The orc barely misses you.
The worker ant bites you.
You are poisoned.
The worker ant poisons you!
The ogre hits you with a giant spiked club!!
Ouch! That really hurt!
You block the orc's attack.
A gnoll comes into view. It is wielding a spear.
Charge which item? (? for menu, Esc to quit)
Choose an item to recharge, or Esc to abort.
Charge which item? (? for menu, Esc to quit)
Your wand of heal wounds (0) glows for a moment and now has 3 charges.
You block the worker ant's attack. You block the orc's attack.
You block the orc's attack. x2
The ogre hits you with a giant spiked club!!
You die...

#( , , #.* , , ##. ,
#).###### * ,
#.#.....#* *
#.#.#...#
##.g.#.#.#### *
#####>aoo..%.....
#....gOgoPP..###. , ,
**#.#.g###P.>..###.##
, # ....
**#.P....##..#####.
... #..P...###....##.
, ..
######........... ,.
, ###......... ,, , ,
* #......... ,
#.....[... , ,
########.[


You could see an ogre, a worker ant, 3 gnolls and 3 orcs.

Table legend:
 A = Turns spent in this place as a percentage of turns spent in the entire game.
 B = Non-inter-level travel turns spent in this place as a percentage of non-inter-level travel turns spent in the entire game.
 C = Inter-level travel turns spent in this place as a percentage of turns spent in this place.
 D = Turns resting spent in this place as a percentage of non-inter-level travel turns spent in this place.
 E = Turns spent auto-exploring this place as a percentage of non-inter-level travel turns spent in this place.
 F = Non-inter-level travel turns spent in this place divided by the number of levels of this place that you've seen.
                   A       B       C       D       E      F
               +-------+-------+-------+-------+-------+----------------------
         Total | 100.0 | 100.0 |   5.3 |   0.0 |   2.6 | 390.0
       Dungeon | 100.0 | 100.0 |   5.3 |   0.0 |   2.6 | 390.0
               +-------+-------+-------+-------+-------+----------------------

Table legend:
 A = Kills in this place as a percentage of kills in entire the game.
 B = Kills by you in this place as a percentage of kills by you in the entire game.
 C = Kills by friends in this place as a percentage of kills by friends in the entire game.
 D = Other kills in this place as a percentage of other kills in the entire game.
 E = Experience gained in this place as a percentage of experience gained in the entire game.
 F = Experience gained in this place divided by the number of levels of this place that you have seen.
                   A       B       C       D       E      F
               +-------+-------+-------+-------+-------+----------------------
         Total | 100.0 | 100.0 |  -nan |  -nan | 100.0 |  78.2
       Dungeon | 100.0 | 100.0 |  -nan |  -nan | 100.0 |  78.2
               +-------+-------+-------+-------+-------+----------------------

Vanquished Creatures
  Edmund (D:5)
  An ogre (D:4)
  A hound (D:2)
  The ghost of gw the Ducker, a weakling DDGl (D:4)
  3 worms
  A giant gecko (D:1)
  3 orcs
  A giant cockroach (D:1)
  A goblin (D:2)
  8 hobgoblins
  A ball python (D:3)
  A bat (D:1)
  A giant newt (D:3)
  2 kobolds
  3 rats
29 creatures vanquished.

Notes
Turn   | Place    | Note
--------------------------------------------------------------
     0 | D:1      | gw the Deep Dwarf Fighter began the quest for the Orb.
     0 | D:1      | Reached XP level 1. HP: 20/20 MP: 1/1
    26 | D:1      | Found a shimmering altar of Xom.
    75 | D:1      | Reached XP level 2. HP: 20/27 MP: 2/2
   127 | D:2      | Reached skill level 1 in Evocations
   127 | D:2      | Reached XP level 3. HP: 17/34 MP: 3/3
   155 | D:2      | Found a burning altar of Makhleb.
   441 | D:4      | Noticed gw's ghost (weakling DDGl)
   454 | D:4      | Killed gw's ghost
   483 | D:4      | Found a shattered altar of Ashenzari.
   614 | D:4      | Noticed an ogre
   627 | D:4      | Killed an ogre
   627 | D:4      | Reached skill level 1 in Throwing
   627 | D:4      | Reached skill level 4 in Armour
   627 | D:4      | Reached XP level 4. HP: 35/42 MP: 3/5
   627 | D:4      | Reached XP level 5. HP: 40/49 MP: 3/6
   661 | D:5      | Entered Level 5 of the Dungeon
   662 | D:5      | Noticed Edmund
   691 | D:5      | Killed Edmund
   691 | D:5      | Reached XP level 6. HP: 35/56 MP: 7/7
   724 | D:5      | Found a staircase to the Ecumenical Temple.
   739 | D:5      | Noticed an ogre
   755 | D:5      | Mangled by an ogre

Action                   |  1- 3 |  4- 6 || total
-------------------------+-------+-------++-------
Melee: Flail             |    88 |    36 ||   124
Throw: Stone             |    38 |     3 ||    41
 Abil: Device Recharging |       |     1 ||     1
Evoke: Wand              |     3 |     2 ||     5

Vault maps used:
D:1:      dpeg_chamrin_arrival_tetris, minmay_stone_trees_medium,
          xom_teletrap_fun
D:2:      okawaru_trees_1, nicolae_ru_great_annihilating_truth,
          ecumenical_altar_2, grunt_decor_arrowhead, makhleb_heckhound_becter
D:3:      bh_walls_and_bars, uniq_crazy_yiuf_cottage
D:4:      evilmike_ruin_ashenzari, uniq_eustachio
D:5:      nicolae_tso_besieged_by_evil, minmay_temple_entry_overgrown,
          first_bread, st_stairs_13, uniq_edmund
